 Dungeon Crawl Stone Soup version 0.26-a0-774-g1415c89e12 (webtiles) character file.

Game seed: 17247586233776711050

3256 Kinoniko the Cudgeler (level 9, -10/121 HPs)
             Began as a Red Draconian Berserker on Nov 9, 2020.
             Was an Elder of Trog.
             Mangled by an orc knight
             ... wielding a +0 halberd
              (43 damage)
             ... in a bailey.
             The game lasted 00:09:09 (9008 turns).

Kinoniko the Cudgeler (Red Draconian Berserker)     Turns: 9008, Time: 00:09:09

Health: -10/121    AC:  8    Str: 19    XL:     9   Next: 67%
Magic:  9/9        EV: 17    Int:  8    God:    Trog [****..]
Gold:   374        SH:  0    Dex: 20    Spells: 8/8 levels left

rFire    + + .     SeeInvis .   n - +5 battleaxe
rCold    . . .     Faith    .   (shield currently unavailable)
rNeg     . . .     Spirit   .   (armour unavailable)
rPois    .         Reflect  .   (helmet restricted)
rElec    .         Harm     .   (no cloak)
rCorr    .         Rampage  .   (no gloves)
MR       .....                  u - +0 pair of boots
Stlth    ..........             (no amulet)
HPRegen  0.30/turn              c - +6 ring of dexterity
MPRegen  0.11/turn              s - ring of protection from fire

@: berserking, lightly drained, very quick
A: breathe fire, unfitting armour, fire resistance 1, cold-blooded, AC +7
a: Breathe Fire, Berserk, Trog's Hand, Brothers in Arms, Renounce Religion


You were in a bailey.
You worshipped Trog.
Trog was greatly pleased with you.
You visited 1 branch of the dungeon, and saw 8 of its levels.
You also visited: Bailey.

You collected 374 gold pieces.

Inventory:

Hand Weapons
 a - a +0 hand axe
 f - a +3 vorpal broad axe
 n - a +5 battleaxe (weapon)
 q - a +3 flail of freezing
Armour
 u - a +0 pair of boots (worn)
Jewellery
 c - a +6 ring of dexterity (left hand)
 s - a ring of protection from fire (right hand)
Wands
 p - a wand of iceblast (3)
 t - a wand of enslavement (5)
 v - a wand of polymorph (3)
Scrolls
 d - 2 scrolls of immolation
 h - a scroll of remove curse
 k - a scroll of magic mapping
 l - 3 scrolls of amnesia
 w - 2 scrolls of fear {unknown}
 x - a scroll of torment {unknown}
 z - 2 scrolls of fog
 A - 2 scrolls of identify
Potions
 b - a potion of heal wounds
 e - 4 potions of curing
 g - 2 potions of lignification
 i - a potion of haste
 m - a potion of degeneration {unknown}
 o - a potion of attraction
 r - 2 potions of flight


   Skills:
 + Level 7.9(7.8) Fighting
 * Level 5.6(7.5) Axes
 - Level 7.9(8.7) Maces & Flails
 + Level 6.5(6.4) Dodging
   Level 3.6(3.5) Shields


You had 8 spell levels left.
You didn't know any spells.
Your spell library was empty.

Dungeon Overview and Level Annotations

Branches:
Dungeon (8/15)             Temple (0/1) D:7          Bailey (1/1)
   Lair: D:8-11

Altars:
Makhleb
Nemelex Xobeh
Okawaru
Ru
Trog
Beogh

Shops:
D:5 :

Annotations:
D:6 3 runed translucent doors, glosham's ghost, weakling FeDe


Innate Abilities, Weirdness & Mutations

You can breathe blasts of fire.
Your fiery red scales are hard. (AC +7)
You cannot fit into any form of body armour.
Your flesh is heat resistant. (rF+)
You are cold-blooded and may be slowed by cold attacks.


Message History

The orc knight is moderately wounded.
You barely miss the orc warrior.
The orc warrior hits you from afar with a +0 halberd.
* * * LOW HITPOINT WARNING * * *
The orc knight closely misses you. The orc warrior closely misses you.
You slice the orc knight!!
You tail-slap the orc knight, but do no damage.
The orc knight is heavily wounded.
You slice the orc warrior!!
The orc knight roars a battlecry!
The orcs go into a battle-frenzy!
The orc warrior barely misses you.
The orc knight roars a battlecry!
The orc knight goes into a battle-frenzy!
The orc warrior completely misses you.
You slash the orc knight! You tail-slap the orc knight.
The orc knight is severely wounded.
You closely miss the orc warrior.
The orc knight hits you from afar with a +0 halberd!!!
You die...

##########..≈≈..###).≈≈..#######
#..........≈≈..## ##..≈≈........
#.≈≈≈≈≈≈≈≈≈≈..##.∩.##..≈≈≈≈≈≈≈≈≈
#.≈..).))....##.....##..........
#.≈.#########'###+#############.
#.≈.## ##...o.....# ##. #.≈..##
##..≈≈≈≈≈≈§§§ ##). #.≈≈..##
##.§§≈o.o..≈§§ ##..≈ #∩.≈≈..#
#.§§≈o@⌠o⌠.§§§ #..≈≈
##.≈≈..#+#..§≈...⌠..§§§ #..≈≈
#.≈≈..##.##..§§§§...§≈§ ##..≈
#.≈..##...##..≈≈§≈≈§§§§ ##..
#.≈)##.....'#§.§......##.$$$.##.
#.≈)#############+#############.
#.≈......))).## #####..
#.≈≈≈≈≈≈≈≈≈≈..## #######≈≈≈≈≈≈
#..........≈≈..## ##...##.......


You could see 2 orc knights and 3 orc warriors.

Vanquished Creatures
  Maggie (D:6)
  Menkaure (D:5)
  2 ice beasts (D:7)
  An orc warrior (D:6)
  A phantom (D:5)
  3 ogres
  3 centaurs
  A big kobold (D:7)
  4 bullfrogs
  A scorpion (D:6)
  12 wights
  9 killer bees (D:7)
  2 howler monkeys
  3 hounds
  2 orc priests
  A gnoll shaman (D:6)
  4 worker ants
  3 iguanas
  3 orc wizards
  A hound skeleton (D:4)
  6 gnolls
  7 adders
  A shadow imp (D:5)
  2 ufetubi
  An ooze (D:6)
  An adder skeleton (D:4)
  A worm (D:2)
  2 dart slugs (D:1)
  4 leopard geckos
  31 orcs
  A ball python (D:2)
  3 bats
  5 giant cockroaches
  6 goblins
  5 hobgoblins
  13 jackals
  12 kobolds
  3 frilled lizards
  A quokka skeleton (D:4)
  5 rats
168 creatures vanquished.

Notes
Turn   | Place    | Note
-------+----------+-------------------------------------------
     0 | D:1      | Kinoniko the Draconian Berserker began the quest for the
                  | Orb.
     0 | D:1      | Reached XP level 1. HP: 19/19 MP: 1/1
   166 | D:1      | Reached XP level 2. HP: 22/26 MP: 2/2
   876 | D:2      | Reached XP level 3. HP: 21/33 MP: 3/3
  1230 | D:2      | Reached ** piety under Trog
  1785 | D:2      | Reached XP level 4. HP: 26/40 MP: 4/4
  2798 | D:3      | Reached XP level 5. HP: 46/46 MP: 5/5
  3724 | D:4      | Reached skill level 5 in Axes
  3868 | D:4      | Reached XP level 6. HP: 53/53 MP: 6/6
  4014 | D:4      | Found a sacrificial altar of Ru.
  4016 | D:4      | Found an iron altar of Okawaru.
  4062 | D:4      | Reached skill level 1 in Shields
  4496 | D:4      | Reached skill level 5 in Fighting
  4496 | D:4      | Reached skill level 1 in Maces & Flails
  4804 | D:4      | Found a bloodstained altar of Trog.
  4804 | D:4      | Found a burning altar of Makhleb.
  4864 | D:5      | Entered Level 5 of the Dungeon
  4881 | D:4      | Your scales start taking on a fiery red colour.
  4881 | D:4      | Reached XP level 7. HP: 43/61 MP: 7/7
  4881 | D:4      | Gained mutation: Your flesh is heat resistant. (rF+) [Red
                  | Draconian growth]
  4979 | D:4      | Reached *** piety under Trog
  5161 | D:5      | Noticed Menkaure
  5167 | D:5      | Killed Menkaure
  5479 | D:5      | Found Cixasch's Book Boutique.
  5493 | D:5      | Reached XP level 8. HP: 70/70 MP: 8/8
  5919 | D:6      | Found a sparkling altar of Nemelex Xobeh.
  6111 | D:6      | Reached skill level 5 in Dodging
  6317 | D:6      | Reached skill level 5 in Maces & Flails
  6452 | D:6      | Found a runed translucent gate.
  6454 | D:6      | Found a runed translucent gate.
  6455 | D:6      | Found a runed translucent gate.
  6455 | D:6      | Noticed glosham's ghost (weakling FeDe)
  6461 | D:6      | Found a roughly hewn altar of Beogh.
  6636 | D:6      | Noticed Maggie
  6648 | D:6      | Killed Maggie
  6745 | D:6      | Reached XP level 9. HP: 53/78 MP: 9/9
  7279 | D:7      | Found a staircase to the Ecumenical Temple.
  7294 | D:7      | Reached **** piety under Trog
  8799 | D:8      | Found a flagged portal.
  8806 | Bailey   | Entered a bailey
  9000 | Bailey   | Noticed an orc knight
  9001 | Bailey   | Noticed an orc knight
  9008 | Bailey   | Mangled by an orc knight

Illustrated notes

Levels and vault maps discovered:
D:1:      dpeg_arrival_snail, layout_basic
D:2:      layout_basic
D:3:      layout_loops_corners
D:4:      layout_loops_cross, nicolae_overflow_hidden_temple
D:5:      layout_rooms, serial_shops, shop, uniq_menkaure
D:6:      layout_cave_pools, biasface_ghost_orc_armoury,
          nemelex_dance_club_becter, uniq_maggie
D:7:      minmay_recursive_quarters, layout_basic, minmay_temple_entry_wispy
D:8:      layout_layer_cave, basic_altar, enter_bailey_2, enter_ossuary_5
Bailey:   bailey_polearm_1, bailey

Skill      XL: |  1  2  3  4  5  6  7  8  9 |
---------------+----------------------------+-----
Dodging        | 3 4 5 6 |  6.5
Axes           | 4 5 |  5.6
Fighting       | 4 5 6 7 |  7.9
Shields        | 1 3 |  3.6
Maces & Flails | 1 3 6 7 |  7.9

Action                   |  1- 3 |  4- 6 |  7- 9 || total
-------------------------+-------+-------+-------++-------
Melee: Hand axe          |   103 |   112 |       ||   215
       Tailslap          |    10 |    20 |    37 ||    67
       Flail             |       |    45 |    76 ||   121
       Battleaxe         |       |       |   149 ||   149
       Unarmed           |       |       |    21 ||    21
Invok: Berserk           |       |     9 |     6 ||    15
 Abil: Breathe Fire      |       |       |     4 ||     4
  Use: Potion            |     1 |     1 |     1 ||     3
       Scroll            |       |       |    20 ||    20
 Stab: Sleeping          |     3 |     1 |     4 ||     8
Armor: Skin              |    30 |    37 |    59 ||   126
Dodge: Dodged            |    85 |    91 |   253 ||   429
Block: Kite shield       |       |    37 |    65 ||   102

Table legend: (Time is in decaauts)
 A = Elapsed time spent in this place.
 B = Non-inter-level travel time spent in this place.
 C = Inter-level travel time spent in this place.
 D = Time resting spent in this place.
 E = Time spent auto-exploring this place.
 F = Levels seen in this place.
 G = Mean time per level.
                   A        B        C        D        E       F      G
               +--------+--------+--------+--------+--------+-----+--------+
         Total |   9237 |   8994 |    243 |   3178 |   4596 |   9 | 1026.3 |
       Dungeon |   9029 |   8786 |    243 |   3124 |   4596 |   8 | 1128.6 |
        Bailey |    208 |    208 |      0 |     54 |      0 |   1 |  208.0 |
               +--------+--------+--------+--------+--------+-----+--------+

Top non-repeatable levels by time:
     D:7: 1698 daAuts
     D:4: 1636 daAuts
     D:6: 1343 daAuts
     D:3: 1338 daAuts
     D:2: 1314 daAuts
     D:1: 864 daAuts
     D:5: 798 daAuts
  Bailey: 208 daAuts
     D:8: 34 daAuts
